 Dungeon Crawl Stone Soup version 0.21-a0-91-ga5031da (webtiles) character file.

624464 skittles the Acrobat (level 27, -32/205 HPs)
             Began as a Halfling Hunter on June 28, 2017.
             Was the Champion of Okawaru.
             Killed from afar by an orb of fire (58 damage)
             ... with a fireball
             ... on level 2 of the Realm of Zot on June 30, 2017.
             The game lasted 06:21:07 (95217 turns).

skittles the Acrobat (Halfling Hunter)             Turns: 95217, Time: 06:21:08

Health: -32/205    AC: 47    Str: 15    XL:     27
Magic:  23/23      EV: 31    Int:  9    God:    Okawaru [******]
Gold:   630        SH: 21    Dex: 31    Spells: 22/26 levels left

rFire    . . .     SeeInvis +   b - +9 demon blade (elec)
rCold    . . .     Gourm    .   x - +3 buckler "Lunis" {Dex+5 Slay+5}
rNeg     . . .     Faith    .   U - +27 Lear's hauberk
rPois    .         Spirit   .   (helmet currently unavailable)
rElec    +         Reflect  +   i - +2 cloak {+Inv}
rCorr    .         Harm     .   (gloves currently unavailable)
MR       ++...                  (boots currently unavailable)
Stlth    +++.......             t - +5 amulet of reflection
HPRegen  0.00/turn              c - ring of see invisible
MPRegen  0.18/turn              I - +4 ring of slaying

@: no status effects
A: mutation resistance 1, electricity resistance, inhibited regeneration
}: 3/15 runes: serpentine, barnacled, slimy
a: Heroism, Finesse, Renounce Religion, Evoke Invisibility


You were on level 2 of the Realm of Zot.
You worshipped Okawaru.
Okawaru was exalted by your worship.
You were not hungry.

You visited 11 branches of the dungeon, and saw 53 of its levels.
You also visited: Labyrinth.

You collected 7205 gold pieces.
You spent 6575 gold pieces at shops.

Inventory:

Hand Weapons
 a - the +8 fustibalus of Imminent Death {flame, rPois Int-3 Stlth+}
   (Okawaru gifted it to you on level 3 of the Lair of Beasts)

   It causes projectiles fired from it to burn those they strike, causing extra
   injury to most foes and up to half again as much damage against particularly
   susceptible opponents.
   It affects your intelligence (-3).
   It protects you from poison.
   It makes you more stealthy.
 b - a +9 demon blade of electrocution (weapon)
 f - the +8 demon blade "Bloodbane" {slice, *Rage +Rage Stlth-}
   (Okawaru gifted it to you on level 1 of the Shoals)

   It inflicts extra damage upon your enemies.
   It lets you go berserk.
   It may make you go berserk in combat.
   It makes you less stealthy.
 Q - the +8 scimitar of the Eight Yaks {protect, rF+ rC+}
   (Okawaru gifted it to you on level 3 of the Vaults)

   It protects the one who uses it against injury (+AC on strike).
   It protects you from fire.
   It protects you from cold.
Missiles
 d - 288 sling bullets
 n - 474 stones (quivered)
Armour
 i - a +2 cloak of invisibility (worn)
 x - the +3 buckler "Lunis" (worn) {Dex+5 Slay+5}
   (You found it on level 2 of the Vaults)

   It affects your dexterity (+5).
   It affects your accuracy and damage with ranged weapons and melee attacks
   (+5).
 F - the +18 shield of the Gong {rElec rN+ MR+ EV-5}
   (You found it on level 4 of the Shoals)

   It affects your evasion (-5).
   It insulates you from electricity.
   It protects you from negative energy.
   It affects your resistance to hostile enchantments.
 U - the +27 Lear's hauberk (worn)
   (You found it in a labyrinth)
Jewellery
 c - a ring of see invisible (left hand)
 l - a +3 ring of evasion
 t - a +5 amulet of reflection (around neck)
 y - the ring "Ciwkuboc" {rCorr Str+3}
   (You acquired it on level 4 of the Depths)

   [ring of resist corrosion]

   It affects your strength (+3).
 I - a +4 ring of slaying (right hand)
 S - an uncursed ring of protection from magic
 T - the ring "Wixiyge" {rPois rC+ rN+ MP+9 Dex-2}
   (You found it on level 5 of the Pits of Slime)

   [ring of magical power]

   It affects your dexterity (-2).
   It protects you from cold.
   It protects you from poison.
   It protects you from negative energy.
   It affects your magic capacity (+9).
Wands
 q - a wand of digging (24/24)
Scrolls
 g - 11 scrolls of teleportation
 k - 2 scrolls of enchant armour
 s - 12 scrolls of identify
 u - 3 scrolls of silence
 v - 11 scrolls of fog
 w - 10 scrolls of amnesia
 C - 10 scrolls of blinking
 E - 8 scrolls of fear
 L - 12 scrolls of magic mapping
 O - 15 scrolls of remove curse
 V - 2 scrolls of summoning
 W - a scroll of enchant weapon
Potions
 e - 8 potions of resistance
 h - 2 potions of heal wounds
 o - 6 potions of haste
 p - 3 potions of ambrosia
 r - 10 potions of curing
 z - 3 potions of cancellation
 B - 5 potions of brilliance
 D - 8 potions of flight
 G - 6 potions of magic
 J - 5 potions of might
 N - 5 potions of lignification
 R - 6 potions of invisibility
 Y - 2 potions of berserk rage
 Z - 4 potions of agility
Miscellaneous
 H - a lamp of fire
 K - 2 sacks of spiders
 P - 3 phantom mirrors
Comestibles
 j - 25 meat rations
 m - 5 royal jellies
 A - 2 chunks of flesh
 M - 32 bread rations


   Skills:
 + Level 21.1 Fighting
 - Level 14.2 Long Blades
 - Level 15.8 Slings
 + Level 23.7 Armour
 + Level 24.3 Dodging
 + Level 13.7 Stealth
 - Level 21.0 Shields


You had 22 spell levels left.
You knew the following spells:

 Your Spells              Type           Power        Failure   Level  Hunger
a - Swiftness             Chrm/Air       #.......     95%         2    ###....
b - Song of Slaying       Chrm           #.......     95%         2    ###....


Dungeon Overview and Level Annotations

Branches:
Dungeon (15/15)            Temple (1/1) D:5            Lair (6/6) D:11
 Shoals (4/4) Lair:2        Snake (4/4) Lair:4        Slime (5/5) Lair:6
    Orc (2/2) D:11            Elf (3/3) Orc:2        Vaults (4/5) D:14
  Crypt (0/3) Vaults:2     Depths (5/5) D:15            Zot (4/5) Depths:5

Altars:
Ashenzari
Cheibriados
Dithmenos
Elyvilon
Fedhas
Gozag
Hepliaklqana
Kikubaaqudgha
Makhleb
Nemelex Xobeh
Okawaru
Qazlal
Ru
Sif Muna
Trog
Uskayaw
Vehumet
Wu Jian
Xom
Yredelemnul
Zin
The Shining One
Beogh
Jiyva

Shops:
D:11 !   D:14 %   Orc:1 =%   Orc:2 ?[*(=   Elf:3 (   Snake:1 ==}   Snake:4 !(!?
Vaults:3 !

Portals:
Hell: Depths:1 Depths:2 Depths:3 Depths:4 Depths:5
Abyss: Depths:4
Pandemonium: Depths:2 Depths:3 Depths:5
Ziggurat: Depths:4
Trove: D:12 (give +3 shadow dragon scales)


Innate Abilities, Weirdness & Mutations

You are small and have problems with some larger weapons.
You are somewhat resistant to further mutation.
You are resistant to electric shocks. (rElec)
You do not regenerate when monsters are visible.


Message History

You hit the orb of fire but do no damage.
The orb of fire is heavily damaged.
You feel like a meek peon again.
You slash the orb of fire!
The orb of fire is severely damaged.
The orb of fire glows red.
The fireball explodes!
The fireball engulfs you!
The fireball engulfs the orb of fire.
The orb of fire completely resists.
You hear a deafening roar!
You hear a roar!
You closely miss the orb of fire.
The orb of fire is severely damaged.
The orb of fire glows bright magenta.
The fireball explodes!
The fireball engulfs you!
* * * LOW HITPOINT WARNING * * *
The fireball engulfs the orb of fire.
The orb of fire completely resists.
You slice the orb of fire!!
The orb of fire is severely damaged.
The orb of fire glows yellow.
The fireball explodes!
The fireball engulfs you!
You die...

.##........# #.##..........#
..#...#....# #.###'#.......#
.......##.## #.###.#.<.....#
#....D#..#.## #>##..).....>.#
.##D#.#..#..# #.....#<......#
#..#.#.##...# ###.###.......#
#..#.d...#..# #.# #########
.##.........#########'###...[....
...#......(.(..*@.[(...(#........
....##......#####...(...#........
.#..#.....### ##'######...#####
.##.......# #...........#...#
.....##...# #...........#...#
...#..#...# #...........#...#
..##......# #...#######'#...#
..........# #...#.........8.#
########### #...#....8......#


You could see an orb of fire.

Vanquished Creatures
  the Royal Jelly (Slime:5)
  2 orbs of fire (Zot:1)
  Mara (Depths:4)
  2 juggernauts (Depths:5)
  An ancient lich (Zot:1)
  Boris (twice) (Vaults:2 Depths:3)
  Sojobo (Depths:4)
  Saint Roka (Depths:4)
  A curse toe (Zot:1)
  2 Killer Klowns
  4 golden dragons
  Jory (Vaults:2)
  Nikola (Vaults:2)
  Jorgrun (Shoals:3)
  5 electric golems
  Rupert (Orc:1)
  2 titans
  8 tentacled monstrosities
  3 deep elf blademasters (Elf:3)
  A deep elf master archer (Elf:3)
  4 sphinxes
  3 krakens
  Polyphemus (Shoals:2)
  5 quicksilver dragons
  31 acid blobs
  6 storm dragons
  6 death cobs (Zot:1)
  2 shadow dragons
  5 tengu reavers
  Ilsuiw (Shoals:4)
  17 azure jellies
  9 nagarajas
  7 draconian monks (Depths:5)
  3 frost giants
  6 deep elf sorcerers
  5 ghost moths
  12 fire giants
  13 vault wardens
  3 iron dragons
  4 draconian knights
  3 draconian shifters
  2 deep elf elementalists
  A balrug (Depths:1)
  A draconian scorcher (Zot:1)
  4 draconian stormcallers
  3 draconian annihilators
  12 ironheart preservers
  The ghost of 4thArraOfDagon the Severer, a journeyman MiWr of Okawaru (Depths:2)
  14 stone giants
  2 vampire knights
  A spriggan defender (Depths:4)
  40 very ugly things
  10 green draconians
  6 entropy weavers
  6 deep elf demonologists
  Azrael (Snake:2)
  9 deep elf annihilators
  5 white draconians
  10 yellow draconians
  11 purple draconians
  5 red draconians
  7 black draconians
  2 spark wasps (Depths:1)
  5 merfolk javelineers
  7 death oozes
  15 fire dragons
  2 blizzard demons
  9 ettins
  A minotaur (Lab)
  3 deep elf death magi (Elf:3)
  20 merfolk impalers
  14 great orbs of eyes
  18 yaktaur captains
  4 deep elf high priests
  2 jiangshi (Depths:4)
  15 ice dragons
  2 rakshasas
  Erolcha (D:11)
  19 naga warriors
  A catoblepas (Shoals:3)
  8 hydras
  7 merfolk avatars
  3 spriggan air magi
  17 vault guards
  4 death knights
  2 alligator snapping turtles
  14 centaur warriors
  11 ogre magi
  9 anacondas
  24 dancing weapons
  An alligator (shapeshifter) (Depths:2)
  38 two-headed ogres
  15 deep troll shamans
  2 satyrs
  3 vampire magi
  7 merfolk aquamancers
  An orc high priest (Orc:2)
  8 tengu warriors
  A queen ant (Lair:6)
  2 death yaks (Shoals:2)
  2 sun demons (Depths:1)
  9 shock serpents
  4 deep troll earth magi
  7 naga sharpshooters
  18 deep elf knights
  2 fire crabs (Shoals:2)
  4 spriggans (Depths:5)
  6 salamander mystics
  A shadow wraith (Vaults:4)
  A spriggan berserker (Depths:4)
  A sixfirhy (Depths:5)
  13 sea snakes
  14 deep trolls
  A torturous demonspawn (Depths:5)
  2 unseen horrors
  A death drake (shapeshifter) (Vaults:3)
  6 iron trolls
  A gelid demonspawn (Depths:3)
  7 death drakes
  7 glowing orange brains
  An unseen horror (shapeshifter) (Vaults:1)
  9 flayed ghosts
  A sphinx zombie (Vaults:1)
  6 wizards
  9 naga ritualists
  2 lindwurms (Depths:5)
  24 deep elf archers
  A phantasmal warrior (Vaults:4)
  18 ironbrand convokers
  An orange crystal statue (Depths:2)
  8 harpies
  2 necromancers
  An orb spider (shapeshifter) (Depths:3)
  9 mana vipers
  28 orc knights
  A wolf spider zombie (D:14)
  61 deep elf magi
  9 fauns
  50 ugly things
  16 shining eyes
  6 orc sorcerers
  16 salamanders
  5 wolf spiders
  16 manticores
  A salamander (shapeshifter) (Elf:3)
  2 centaur zombies
  4 oklob plants (Lair:4)
  24 moths of wrath
  3 guardian serpents
  5 merfolk sirens
  19 elephants
  38 black mambas
  10 cyclopes
  A guardian serpent (shapeshifter) (Depths:4)
  A smoke demon (Depths:3)
  14 vault sentinels
  6 water nymphs
  Joseph (D:7)
  An orange demon (Depths:3)
  8 eyes of devastation
  2 gargoyles
  12 spiny frogs
  34 naga magi
  4 freezing wraiths
  3 rime drakes (Lair:6)
  65 yaktaurs
  An efreet (D:15)
  An ice devil (Depths:3)
  2 human skeletons (Vaults:1)
  20 komodo dragons
  A guardian mummy (Zot:1)
  A redback zombie (D:15)
  2 red devils
  46 merfolk
  2 trolls (shapeshifter) (Vaults:4)
  3 tengu conjurers
  14 trolls
  9 hornets
  A jumping spider (Vaults:4)
  A hornet (shapeshifter) (D:13)
  10 wind drakes
  3 polar bears
  15 blink frogs
  A blink frog (shapeshifter) (Vaults:4)
  A hippogriff (shapeshifter) (Vaults:3)
  Grinder (D:5)
  136 slime creatures
  7 snapping turtles
  A raiju (shapeshifter) (Vaults:3)
  15 hippogriffs
  27 dream sheep
  The ghost of braks the Chiller, an amateur DEIE (D:4)
  7 redbacks
  A human simulacrum (Vaults:2)
  2 shadows
  3 spriggans (shapeshifter)
  A vampire (D:10)
  6 wyverns
  32 yaks
  7 air elementals
  A tarantella (Vaults:3)
  11 wraiths
  2 yaks (shapeshifter)
  10 fire elementals
  12 water elementals
  Eustachio (D:5)
  3 hogs (D:8)
  A human (D:8)
  12 golden eyes
  7 basilisks
  Grum (D:8)
  2 fire bats (Shoals:2)
  A human (shapeshifter) (D:15)
  10 vampire mosquitoes (D:15)
  44 nagas
  11 wargs
  27 soldier ants
  4 floating eyes
  2 hell hounds (Snake:2)
  An acid dragon (shapeshifter) (Depths:3)
  2 acid dragons
  20 water moccasins
  4 swamp drakes (Depths:5)
  6 porcupines
  69 orc warriors
  A hornet zombie (D:10)
  4 ice beasts
  An ice beast (shapeshifter) (Elf:1)
  4 sky beasts
  3 black bears
  A boggart (shapeshifter) (Vaults:1)
  37 ogres
  3 phantoms
  5 wolves
  6 eyes of draining
  3 necrophages
  14 boggarts
  40 centaurs
  14 crocodiles
  4 big kobolds
  18 bullfrogs
  4 earth elementals
  An ogre simulacrum (Vaults:1)
  A wyvern skeleton (D:14)
  9 scorpions
  An elf simulacrum (Vaults:3)
  A water moccasin skeleton (D:7)
  10 killer bees
  7 wights
  7 howler monkeys
  2 spriggan skeletons (Lab)
  2 electric eels
  8 crimson imps
  2 quasits
  A bullfrog zombie (D:6)
  4 iron imps
  4 hounds
  7 jellies
  22 orc priests
  35 orc wizards
  5 bullfrog skeletons
  10 centaur skeletons
  11 iguanas
  25 worker ants
  A hound skeleton (D:5)
  3 gnolls (D:7)
  8 adders
  6 shadow imps
  15 white imps
  2 oozes (D:1)
  2 adder zombies
  3 adder skeletons (D:4)
  5 worms
  4 dart slugs
  5 leopard geckos
  142 orcs
  6 giant cockroaches
  7 goblins
  6 hobgoblins
  16 jackals
  37 kobolds
  9 quokkas
  5 bats
  9 frilled lizards
  A jackal skeleton (D:4)
  A jackal zombie (D:6)
  3 rats
  2 crawling corpses (Depths:4)
  2 fungi
  4 plants
  10 tentacles
2616 creatures vanquished.

Vanquished Creatures (others)
  2 deep elf master archers (Elf:3)
  A fire giant (Depths:2)
  2 very ugly things (Depths:5)
  2 stone giants
  A vampire knight (Depths:5)
  A white draconian (Depths:5)
  A deep elf death mage (Elf:3)
  2 yaktaur captains
  A centaur warrior (Depths:1)
  A sixfirhy (Depths:3)
  A wizard (Vaults:2)
  A deep elf mage (Elf:2)
  2 black mambas
  4 yaktaurs (Depths:5)
  A jumping spider (shapeshifter) (Vaults:2)
  A golden eye (Slime:1)
  A sky beast (D:15)
  An ogre (Depths:3)
  An orc (Vaults:2)
  25 fungi
  37 plants
  6 tentacles
95 creatures vanquished.

Grand Total: 2711 creatures vanquished

Notes
Turn   | Place    | Note
-------+----------+-------------------------------------------
     0 | D:1      | skittles the Halfling Hunter began the quest for the Orb.
     0 | D:1      | Reached XP level 1. HP: 14/14 MP: 1/1
    83 | D:1      | Reached XP level 2. HP: 19/19 MP: 2/2
   248 | D:1      | Reached XP level 3. HP: 21/24 MP: 3/3
   809 | D:2      | Reached skill level 3 in Dodging
   809 | D:2      | Reached XP level 4. HP: 30/30 MP: 4/4
  1169 | D:2      | Found a burning altar of Makhleb.
  1839 | D:3      | Reached XP level 5. HP: 30/35 MP: 5/5
  2175 | D:3      | Found a faded altar of an unknown god.
  2215 | D:3      | Reached skill level 4 in Dodging
  2215 | D:3      | Reached XP level 6. HP: 39/42 MP: 6/6
  2246 | D:3      | Found a sparkling altar of Nemelex Xobeh.
  2711 | D:4      | Got a bound tin ring
  2713 | D:4      | Identified the ring "Tuinwupt" {*Tele Str+4 Int+4} (You found it on level 4 of the Dungeon)
  2791 | D:4      | Noticed a phantom
  2970 | D:4      | Killed a phantom
  3103 | D:4      | Reached XP level 7. HP: 47/47 MP: 7/7
  3146 | D:4      | Reached skill level 5 in Dodging
  3430 | D:4      | Noticed braks's ghost (amateur DEIE)
  3457 | D:4      | Killed braks's ghost
  3457 | D:4      | Reached XP level 8. HP: 21/54 MP: 8/8
  3806 | D:4      | Reached skill level 6 in Dodging
  3876 | D:4      | Found a shadowy altar of Dithmenos.
  4045 | D:5      | Entered Level 5 of the Dungeon
  4328 | D:5      | Found a stormy altar of Qazlal.
  4328 | D:5      | Found a radiant altar of Vehumet.
  4362 | D:5      | Found a shattered altar of Ashenzari.
  4362 | D:5      | Found a radiant altar of Vehumet.
  4362 | D:5      | Found a shimmering altar of Xom.
  4362 | D:5      | Found a burning altar of Makhleb.
  4366 | D:5      | Found a glowing silver altar of Zin.
  4366 | D:5      | Found a bloodstained altar of Trog.
  4367 | D:5      | Found an opulent altar of Gozag.
  4367 | D:5      | Found an ancient bone altar of Kikubaaqudgha.
  4367 | D:5      | Found a radiant altar of Vehumet.
  4369 | D:5      | Found a shimmering altar of Xom.
  4572 | D:5      | Noticed Eustachio
  4584 | D:5      | Killed Eustachio
  4584 | D:5      | Reached skill level 5 in Fighting
  4584 | D:5      | Reached skill level 10 in Slings
  4727 | D:5      | Reached skill level 7 in Dodging
  4785 | D:5      | Noticed Grinder
  4788 | D:5      | Paralysed by Grinder for 4 turns
  4797 | D:5      | Paralysed by Grinder for 6 turns
  4817 | D:5      | Paralysed by Grinder for 7 turns
  5106 | D:6      | Reached XP level 9. HP: 52/60 MP: 9/9
  5357 | D:6      | Found a white marble altar of Elyvilon.
  5711 | D:5      | Found a staircase to the Ecumenical Temple.
  5746 | Temple   | Entered the Ecumenical Temple
  5856 | Temple   | Became a worshipper of Warmaster Okawaru
  5973 | D:5      | Killed Grinder
  5973 | D:5      | Reached skill level 8 in Dodging
  6548 | D:6      | Reached * piety under Okawaru
  7649 | D:7      | Reached XP level 10. HP: 68/68 MP: 10/10
  7865 | D:7      | Noticed Joseph
  7884 | D:7      | Killed Joseph
  7884 | D:7      | Reached ** piety under Okawaru
  7884 | D:7      | Reached skill level 9 in Dodging
  7977 | D:7      | Got an ancient scale mail
  7988 | D:7      | Identified the cursed +1 scale mail of Negligence {rC+} (You found it on level 7 of the Dungeon)
  8372 | D:8      | Noticed Grum
  8386 | D:8      | Killed Grum
  8658 | D:8      | Found a bloodstained altar of Trog.
  8785 | D:8      | Reached skill level 10 in Dodging
  9273 | D:8      | Reached *** piety under Okawaru
  9481 | D:8      | Received a gift from Okawaru
  9846 | D:9      | You fall through a shaft for 2 floors!
  9846 | D:11     | Noticed a purple ugly thing
  9847 | D:11     | Found a staircase to the Lair.
  9868 | D:11     | Noticed a two-headed ogre
  9871 | D:10     | Entered Level 10 of the Dungeon
  9984 | D:9      | Reached XP level 11. HP: 70/77 MP: 11/11
  9988 | D:9      | Reached skill level 11 in Dodging
 10369 | D:9      | Received a gift from Okawaru
 10476 | D:7      | HP: 2/79 [troll (17)]
 11011 | D:10     | Noticed a green ugly thing
 11399 | D:10     | Found a deep blue altar of Sif Muna.
 11417 | D:10     | Killed a green ugly thing
 11417 | D:10     | Received a gift from Okawaru
 11555 | D:10     | Reached **** piety under Okawaru
 11711 | D:10     | Reached skill level 12 in Dodging
 11720 | D:10     | Reached skill level 10 in Fighting
 11888 | D:10     | Received a gift from Okawaru
 11922 | D:10     | HP: 2/81 [vampire/vampiric draining (18)]
 12636 | D:11     | Received a gift from Okawaru
 12674 | D:11     | Noticed Erolcha
 13040 | D:11     | Received a gift from Okawaru
 13084 | D:11     | Found a staircase to the Orcish Mines.
 13149 | D:11     | Killed a purple ugly thing
 13501 | D:10     | Noticed a two-headed ogre
 13772 | D:9      | Reached skill level 14 in Dodging
 13772 | D:9      | Reached XP level 12. HP: 90/90 MP: 12/12
 13822 | D:10     | Killed a two-headed ogre
 13831 | D:10     | Killed a two-headed ogre
 13831 | D:10     | Received a gift from Okawaru
 13831 | D:10     | Reached XP level 13. HP: 33/96 MP: 13/13
 14879 | D:11     | Killed Erolcha
 14879 | D:11     | Reached skill level 1 in Long Blades
 15304 | D:11     | Reached ***** piety under Okawaru
 15456 | D:11     | Found Ituetuol's Distillery.
 15461 | D:11     | Bought a potion of berserk rage for 65 gold pieces
 15461 | D:11     | Bought a potion of heal wounds for 65 gold pieces
 15461 | D:11     | Bought a potion of agility for 52 gold pieces
 15560 | D:11     | Found a burning altar of Makhleb.
 15677 | D:12     | Found a portal to a secret trove of treasure.
 16579 | D:12     | Learned a level 2 spell: Swiftness
 18101 | Lair:1   | Entered Level 1 of the Lair of Beasts
 18347 | Lair:1   | Received a gift from Okawaru
 19067 | Lair:1   | Reached skill level 15 in Dodging
 19822 | Lair:1   | Reached skill level 5 in Long Blades
 19920 | Lair:1   | Received a gift from Okawaru
 20033 | Lair:2   | Found a labyrinth entrance.
 20049 | Lab      | Entered a labyrinth
 21428 | Lab      | Noticed a minotaur
 21452 | Lab      | Killed a minotaur
 22044 | Lair:1   | Reached skill level 1 in Armour
 22110 | Lair:1   | Reached XP level 14. HP: 75/106 MP: 11/14
 22729 | Lair:2   | Found a staircase to the Shoals.
 24105 | Lair:3   | Received a gift from Okawaru
 24105 | Lair:3   | Reached skill level 5 in Armour
 24111 | Lair:3   | Got a smoking fustibalus {god gift}
 24112 | Lair:3   | Identified the +8 fustibalus of Imminent Death {flame, rPois Int-3 Stlth+} (Okawaru gifted it to you on level 3 of the Lair of Beasts)
 24477 | Lair:4   | Found a staircase to the Snake Pit.
 25468 | Lair:4   | Identified Caisan's Tome of Dislocated Shape Shifting
 25994 | Lair:5   | Reached ****** piety under Okawaru
 26228 | Lair:5   | Received a gift from Okawaru
 26302 | Lair:5   | Received a gift from Okawaru
 26307 | Lair:5   | Got a scorched hat {god gift}
 26318 | Lair:5   | Identified the -1 hat of the Dice {*Corrode Dex+2 Slay+2 Stlth+} (Okawaru gifted it to you on level 5 of the Lair of Beasts)
 26761 | Lair:6   | Entered Level 6 of the Lair of Beasts
 26859 | Lair:6   | Reached XP level 15. HP: 110/110 MP: 15/15
 27890 | Lair:6   | Reached skill level 10 in Long Blades
 28250 | Lair:5   | Reached skill level 15 in Slings
 28340 | Lair:6   | Found a staircase to the Slime Pits.
 28340 | Lair:6   | Found a viscous altar of Jiyva.
 28581 | Lair:6   | Received a gift from Okawaru
 28751 | Lair:6   | Received a gift from Okawaru
 29062 | Lair:6   | Received a gift from Okawaru
 29200 | Lair:6   | Identified the Handbook of Nocuous Confrontation
 29282 | Lair:6   | Reached skill level 10 in Armour
 29325 | Lair:6   | Found an ornate altar of the Wu Jian Council.
 29977 | Orc:1    | Entered Level 1 of the Orcish Mines
 30226 | D:11     | Reached XP level 16. HP: 113/117 MP: 14/16
 30289 | Orc:1    | Found Xois's Jewellery Emporium.
 30361 | Orc:1    | Found Rudiar's Food Shop.
 30545 | Orc:1    | Paralysed by an orc sorcerer for 7 turns
 31262 | Orc:2    | Entered Level 2 of the Orcish Mines
 31427 | Orc:2    | Found Lyptat's General Store.
 31505 | Orc:2    | Received a gift from Okawaru
 31545 | Orc:2    | Found Dyuziepn's Weapon Boutique.
 31709 | Orc:2    | Found Noxastre's Jewellery Boutique.
 31787 | Orc:2    | Noticed Rupert
 31882 | Orc:2    | Found a roughly hewn altar of Beogh.
 31887 | Orc:2    | Found a staircase to the Elven Halls.
 32011 | Orc:2    | Found a roughly hewn altar of Beogh.
 32144 | Orc:1    | Killed Rupert
 32227 | Orc:2    | Found Igibuwudd's Antique Armour Boutique.
 32317 | Orc:2    | Found Satos's Magic Scroll Shoppe.
 32447 | Orc:2    | Received a gift from Okawaru
 32772 | Orc:2    | Bought 2 scrolls of acquirement for 1352 gold pieces
 32773 | Orc:2    | Got a warped ruby amulet
 32775 | Orc:2    | Identified the amulet of Leaves {*Drain +Inv +Fly Regen+ Slay-2} (You acquired it on level 2 of the Orcish Mines)
 33073 | D:12     | Received a gift from Okawaru
 34463 | D:14     | Found Xiepe's Food Boutique.
 34507 | D:14     | Reached XP level 17. HP: 122/122 MP: 17/17
 34661 | D:14     | Reached skill level 1 in Shields
 34830 | D:14     | Found a gate to the Vaults.
 34960 | D:15     | Entered Level 15 of the Dungeon
 34989 | D:15     | Found a staircase to the Depths.
 35522 | D:15     | Received a gift from Okawaru
 35883 | D:15     | Gained mutation: You have a somewhat thin skeletal structure. (Dex +2, Stealth) [potion of mutation]
 35883 | D:15     | Gained mutation: Your system is resistant to poisons. (rPois) [potion of mutation]
 36385 | Snake:1  | Entered Level 1 of the Snake Pit
 36498 | Snake:1  | Received a gift from Okawaru
 36498 | Snake:1  | Reached skill level 5 in Shields
 37257 | Snake:1  | Found Becotsa's Jewellery Emporium.
 37259 | Snake:1  | Found Xoruiq's Gadget Boutique.
 37260 | Snake:1  | Found Seraugunk's Jewellery Emporium.
 38035 | Snake:2  | Received a gift from Okawaru
 38042 | Snake:2  | Got pitted ice dragon scales {god gift}
 38057 | Snake:2  | Noticed Azrael
 38277 | Snake:1  | Identified the +2 ice dragon scales of Fonad {rF- rC++ Regen+ Str-4 Dex+7} (Okawaru gifted it to you on level 2 of the Snake Pit)
 38328 | Snake:2  | Killed Azrael
 38503 | Snake:2  | Reached XP level 18. HP: 128/128 MP: 18/18
 38927 | Snake:2  | Reached skill level 10 in Shields
 40148 | Snake:2  | Received a gift from Okawaru
 40920 | Snake:4  | Entered Level 4 of the Snake Pit
 41000 | Snake:4  | Received a gift from Okawaru
 41131 | Snake:4  | Found Monym's Distillery.
 41141 | Snake:4  | Found Puffaorch's Antique Weapon Shoppe.
 41161 | Snake:4  | Found Laringo's Distillery.
 41536 | Snake:4  | Received a gift from Okawaru
 41582 | Snake:4  | Received a gift from Okawaru
 41955 | Snake:4  | Reached XP level 19. HP: 100/134 MP: 19/19
 42403 | Snake:1  | Bought a +4 ring of slaying for 1326 gold pieces
 42448 | Snake:3  | Reached skill level 15 in Shields
 42551 | Snake:4  | Found Zippab's Magic Scroll Boutique.
 43304 | Snake:4  | Got a serpentine rune of Zot
 43699 | Elf:1    | Entered Level 1 of the Elven Halls
 43787 | Elf:1    | Received a gift from Okawaru
 44105 | Elf:1    | Got a slimy hunting sling {god gift}
 44106 | Elf:1    | Identified the +7 hunting sling of Extinguishment {flame, rF+ Str+4 Dex+2} (Okawaru gifted it to you on level 1 of the Elven Halls)
 45185 | Elf:2    | Received a gift from Okawaru
 45204 | Elf:2    | Noticed a Tzitzimitl
 45582 | Shoals:1 | Entered Level 1 of the Shoals
 46761 | Shoals:2 | Reached XP level 20. HP: 139/140 MP: 20/20
 47537 | Shoals:2 | Received a gift from Okawaru
 47951 | Shoals:3 | Noticed Polyphemus
 48140 | Shoals:2 | Killed Polyphemus
 48140 | Shoals:2 | Received a gift from Okawaru
 49147 | Shoals:4 | Entered Level 4 of the Shoals
 49557 | Shoals:4 | Noticed Ilsuiw
 49596 | Shoals:4 | Noticed Jorgrun
 49612 | Shoals:3 | Killed Jorgrun
 50492 | Shoals:3 | Received a gift from Okawaru
 50644 | Shoals:4 | Killed Ilsuiw
 50682 | Shoals:3 | Reached XP level 21. HP: 138/145 MP: 21/21
 50696 | Shoals:3 | Received a gift from Okawaru
 51318 | Shoals:4 | Got a barnacled rune of Zot
 51641 | Shoals:1 | Received a gift from Okawaru
 52015 | Vaults:1 | Entered Level 1 of the Vaults
 52524 | Vaults:1 | Received a gift from Okawaru
 52849 | Vaults:1 | Reached skill level 16 in Dodging
 53706 | Vaults:2 | Received a gift from Okawaru
 53777 | Vaults:2 | Noticed Jory
 53795 | Vaults:2 | Noticed Nikola
 53795 | Vaults:2 | Noticed Boris
 54220 | Vaults:2 | Reached skill level 15 in Armour
 54281 | Vaults:2 | Found a staircase to the Crypt.
 54281 | Vaults:2 | Found a basalt altar of Yredelemnul.
 54290 | Vaults:2 | Found an ancient bone altar of Kikubaaqudgha.
 54321 | Vaults:2 | Killed Jory
 54321 | Vaults:2 | Reached XP level 22. HP: 154/154 MP: 16/22
 54405 | Vaults:2 | Killed Nikola
 55018 | Vaults:2 | Got a faintly glowing buckler
 55029 | Vaults:2 | Identified the +3 buckler "Lunis" {Dex+5 Slay+5} (You found it on level 2 of the Vaults)
 55178 | Vaults:2 | Killed Boris
 55178 | Vaults:2 | Reached skill level 17 in Dodging
 55271 | Vaults:2 | Received a gift from Okawaru
 56424 | Vaults:3 | Found Geniofai's Distillery.
 56972 | Vaults:3 | Received a gift from Okawaru
 56972 | Vaults:3 | Reached skill level 15 in Fighting
 56984 | Vaults:3 | Got an ancient scimitar {god gift}
 57066 | Vaults:3 | Reached XP level 23. HP: 151/162 MP: 23/23
 57458 | Vaults:3 | Reached skill level 18 in Dodging
 57743 | Vaults:3 | Identified the +8 scimitar of the Eight Yaks {protect, rF+ rC+} (Okawaru gifted it to you on level 3 of the Vaults)
 58116 | Vaults:3 | Received a gift from Okawaru
 58366 | Vaults:4 | Received a gift from Okawaru
 58400 | Vaults:4 | Received a gift from Okawaru
 58714 | Vaults:4 | Received a gift from Okawaru
 60356 | Vaults:4 | Received a gift from Okawaru
 60408 | Vaults:4 | Reached XP level 24. HP: 168/171 MP: 23/23
 60477 | Vaults:4 | Reached skill level 19 in Dodging
 61391 | Snake:1  | Bought a +5 amulet of reflection for 700 gold pieces
 61825 | Elf:2    | Received a gift from Okawaru
 61949 | Elf:2    | Found a runed gate.
 61949 | Elf:2    | Found a runed gate.
 61968 | Elf:2    | Found a runed gate.
 62788 | Elf:3    | Entered Level 3 of the Elven Halls
 63057 | Elf:3    | Received a gift from Okawaru
 63887 | Elf:3    | Identified Ceuso's Guide on Summoning and the Oath
 63997 | Elf:3    | Identified the Almanac of Creative Good Luck
 64620 | Elf:3    | Found Xuteciz's Antique Weapon Emporium.
 64693 | Elf:3    | Received a gift from Okawaru
 65669 | Slime:1  | Entered Level 1 of the Pits of Slime
 65699 | Slime:1  | Reached XP level 25. HP: 178/180 MP: 23/23
 65961 | Slime:2  | Received a gift from Okawaru
 65961 | Slime:2  | Reached skill level 20 in Dodging
 68648 | Slime:3  | Reached skill level 5 in Stealth
 70462 | Slime:5  | Entered Level 5 of the Pits of Slime
 71673 | Slime:5  | Noticed the Royal Jelly
 71698 | Slime:5  | Killed the Royal Jelly
 71698 | Slime:5  | Received a gift from Okawaru
 72109 | Slime:5  | Gained mutation: Your magical capacity is low. (-10% MP) [a shining eye]
 72116 | Slime:5  | Gained mutation: Potions are less effective at restoring your health. [a shining eye]
 72189 | Slime:5  | Reached XP level 26. HP: 162/189 MP: 20/20
 72575 | Slime:5  | Got a slimy rune of Zot
 72578 | Slime:5  | Got a crude copper amulet
 72665 | Slime:5  | Got a pitted brass ring
 72700 | Slime:5  | Identified the Almanac of Nocuous Boosts
 72795 | Slime:5  | Paralysed by a floating eye for 2 turns
 72800 | Slime:5  | Paralysed by a floating eye for 2 turns
 72806 | Slime:5  | Paralysed by a floating eye for 4 turns
 72816 | Slime:5  | Paralysed by a floating eye for 3 turns
 73570 | Lair:1   | Identified the amulet "Soer" {+Rage Str+6 Int-5} (You found it on level 5 of the Pits of Slime)
 73572 | Lair:1   | Identified the ring "Wixiyge" {rPois rC+ rN+ MP+9 Dex-2} (You found it on level 5 of the Pits of Slime)
 73580 | Lair:1   | Lost mutation: Your system is resistant to poisons. (rPois) [potion of mutation]
 73580 | Lair:1   | Lost mutation: Your magical capacity is low. (-10% MP) [potion of mutation]
 73580 | Lair:1   | Lost mutation: You have a somewhat thin skeletal structure. (Dex +2, Stealth) [potion of mutation]
 73580 | Lair:1   | Lost mutation: Potions are less effective at restoring your health. [potion of mutation]
 73580 | Lair:1   | Gained mutation: You are resistant to electric shocks. (rElec) [potion of mutation]
 73702 | Depths:1 | Entered Level 1 of the Depths
 73904 | Depths:1 | Received a gift from Okawaru
 74074 | Depths:1 | Identified the Compendium of Gliding Enchantment
 74146 | Depths:1 | Reached skill level 21 in Dodging
 74798 | Depths:1 | Found a gateway to Hell.
 75945 | Depths:2 | Reached skill level 10 in Stealth
 76086 | Depths:2 | Noticed 4thArraOfDagon's ghost (journeyman MiWr)
 76110 | Depths:2 | Killed 4thArraOfDagon's ghost
 76476 | Depths:2 | Found a one-way gate leading to the halls of Pandemonium.
 76988 | Depths:2 | Received a gift from Okawaru
 77749 | Depths:3 | Noticed Boris
 77762 | Depths:3 | Received a gift from Okawaru
 77774 | Depths:3 | Killed Boris
 77988 | Depths:3 | Reached XP level 27. HP: 190/197 MP: 23/23
 78613 | Depths:4 | Found a one-way gate to the infinite horrors of the Abyss.
 78764 | Depths:4 | Noticed Saint Roka
 78920 | Depths:4 | Killed Saint Roka
 79200 | Depths:4 | Noticed Sojobo
 79492 | Depths:4 | Killed Sojobo
 79709 | Depths:4 | Received a gift from Okawaru
 79709 | Depths:4 | Reached skill level 22 in Dodging
 80252 | Depths:4 | Got a transparent lapis lazuli ring
 80254 | Depths:4 | Identified the ring "Ciwkuboc" {rCorr Str+3} (You acquired it on level 4 of the Depths)
 80316 | Depths:4 | Received a gift from Okawaru
 80349 | Depths:4 | Found a gateway to a ziggurat.
 80864 | Depths:4 | Noticed Mara
 80870 | Depths:4 | Noticed skittles's illusion
 80881 | Depths:4 | Killed Mara
 80930 | Depths:5 | Entered Level 5 of the Depths
 80998 | Depths:4 | Received a gift from Okawaru
 81326 | Depths:4 | Received a gift from Okawaru
 82714 | Depths:5 | Noticed a juggernaut
 82800 | Depths:5 | Killed a juggernaut
 82837 | Depths:5 | Noticed a juggernaut
 82853 | Depths:5 | Killed a juggernaut
 83552 | Depths:5 | Found a gate to the Realm of Zot.
 83848 | Depths:5 | Received a gift from Okawaru
 84217 | Depths:5 | Identified Sif Muna's Volume of Blistering Augmentations
 84222 | Depths:5 | Learned a level 2 spell: Song of Slaying
 84253 | Depths:5 | Reached skill level 23 in Dodging
 84485 | Depths:5 | HP: 10/201 [poison (poison gas)]
 84490 | Depths:5 | HP: 10/201 [poison (poison gas)]
 84497 | Depths:5 | HP: 10/201 [poison (poison gas)]
 86847 | Snake:4  | Bought 2 scrolls of acquirement for 1664 gold pieces
 86847 | Snake:4  | Bought a scroll of blinking for 120 gold pieces
 86847 | Snake:4  | Bought a scroll of silence for 120 gold pieces
 86893 | Snake:4  | Bought a potion of heal wounds for 85 gold pieces
 86893 | Snake:4  | Bought a potion of haste for 170 gold pieces
 86893 | Snake:4  | Bought a potion of invisibility for 136 gold pieces
 87255 | Vaults:3 | Bought a potion of haste for 140 gold pieces
 87255 | Vaults:3 | Bought a potion of resistance for 140 gold pieces
 87255 | Vaults:3 | Bought a potion of haste for 140 gold pieces
 87662 | Snake:4  | Bought a potion of resistance for 150 gold pieces
 87662 | Snake:4  | Bought a potion of resistance for 150 gold pieces
 87675 | Snake:4  | Got a pair of jewelled boots
 88033 | Zot:1    | Entered Level 1 of the Realm of Zot
 88077 | Zot:1    | Noticed an ancient lich
 88097 | Zot:1    | Killed an ancient lich
 88123 | Zot:1    | Received a gift from Okawaru
 88708 | Zot:1    | Received a gift from Okawaru
 89125 | Zot:1    | HP: 10/202 [poison (poison gas)]
 89132 | Zot:1    | HP: 10/202 [poison (poison gas)]
 89782 | Zot:1    | Noticed an orb of fire
 89805 | Zot:1    | Killed an orb of fire
 89910 | Zot:1    | Received a gift from Okawaru
 91491 | Zot:1    | Received a gift from Okawaru
 91492 | Zot:1    | Got a translucent buckler {god gift}
 91503 | Zot:1    | Identified the +0 buckler of the Vaults {Regen+ Str+4 Dex+3} (Okawaru gifted it to you on level 1 of the Realm of Zot)
 91820 | Zot:1    | Noticed an orb of fire
 91849 | Zot:1    | Killed an orb of fire
 92355 | Zot:2    | Reached skill level 24 in Dodging
 94399 | Zot:3    | Identified Kikubaaqudgha's Catalogue of Evil Secrets
 94421 | Zot:3    | Received a gift from Okawaru
 94870 | Zot:2    | Noticed an orb of fire
 94872 | Zot:2    | Gained mutation: You do not regenerate when monsters are visible. [an orb of fire]
 95217 | Zot:2    | Killed from afar by an orb of fire

Vault maps used:
D:1:      dpeg_arrival_central
D:2:      bloody_makhleb
D:3:      overflow_temple_1_default, chequers_ecumenical_altar_island,
          minmay_lizard_king
D:4:      first_bread, nicolae_dithmenos_through_a_glass_darkly
D:5:      temple_doors_ab, serial_bayou, serial_bayou_shore_b,
          serial_bayou_pond_c, serial_bayou_shore_b, serial_bayou_pond_e,
          uniq_eustachio, uniq_grinder
D:6:      elyvilon_altar_3
D:7:      uniq_joseph
D:8:      wad_pebble_path, grunt_livestock, trog_hazing_becter, uniq_grum
D:9:      minmay_item_behind_shaft, hangedman_decor_lopped
D:10:     basic_altar, minmay_crystal_room
D:11:     due_lair_maze_entry_diamond, david_orc_3, serial_shops,
          kennysheep_little_box, lemuel_centaur_altar, uniq_erolcha
D:12:     enter_trove_0
D:14:     erik_vaults_2, serial_shops, shop
D:15:     grunt_enter_depths_giant_problem
Temple:   kilobyte_greek_temple
Lair:1:   hibernation_bobbens, infiniplex_staircase_pool, serial_bayou_shore_b,
          grunt_megastairs_1
Lair:2:   minmay_shoals_entry_centaurs, portal_ice_cave_entry_imps,
          lab_entry_generic, serial_bayou_shore_b, serial_bayou_shore_a
Lair:3:   beast_lair_carwin_large_1, lightli_volcano_entry_magma_tube,
          serial_bayou_shore_b, serial_bayou_shore_b
Lair:4:   guppyfry_snake_entry_island, lemuel_fruit_fields,
          minmay_lair_oklob_chamber
Lair:5:   lemuel_fruit_fields
Lair:6:   gammafunk_lair_ancient_temple, slime_altar_1, basic_altar,
          st_stairs_9, minivault_29
Shoals:2: hangedman_shoal_volcano
Shoals:3: nicolae_shoals_arrival_archipelago, uniq_polyphemus
Shoals:4: shoals_end_simple, shoal_ilsuiw, uniq_jorgrun
Snake:1:  minmay_shop_grove
Snake:2:  uniq_azrael
Snake:4:  snake_pit, serial_shops, nicolae_shop_waterfront, shop,
          nicolae_shop_trees, nicolae_shop_temple_entry_statues_fountains
Slime:3:  cheibrodos_slime_lost_civilization_10
Orc:1:    serial_shops, shop_statue, shop, mines4_lemuel
Orc:2:    st_orc_town, special_room, serial_shops, nicolae_shop_trees,
          basic_altar, uniq_rupert
Elf:1:    minivault_28
Elf:2:    serial_sigils_hangedman_etch
Elf:3:    minmay_elf_hall_furrowed, serial_shops, shop,
          nicolae_elf_big_sculpture_2
Vaults:1: nicolae_vaults_an_arrangement, vaults_room_ringed_pool,
          grunt_vaults_hallway_long, hangedman_vaults_corner,
          nicolae_vaults_ring_of_whatevers, v_misc_28, v_misc_25,
          nicolae_vaults_circle_grid_b, vaults_room_pool,
          nicolae_vaults_little_squares_6, v_misc_8, ontoclasm_vaults_chip,
          vaults_dpeg_ring
Vaults:2: dpeg_vaults_monster_row, hangedman_vaults_unwind, v_misc_26,
          v_misc_17, minmay_crypt_entry_necro_gods, nicolae_vaults_big_ls,
          nicolae_vaults_little_squares_4, hangedman_vaults_snaps, st_diamondy,
          nicolae_vaults_rhombus_6, nicolae_vaults_border_crossing,
          grunt_vaults_bifocal, uniq_jory, uniq_nikola, uniq_boris
Vaults:3: vaults_room_fancy_cross, grunt_vaults_swirl,
          vaults_mumra_minichess_inversion, v_alt_pattern_2,
          ontoclasm_vaults_twist, hangedman_vaults_trim, st_cells,
          nicolae_vaults_angled_halls, ontoclasm_vaults_ligature, serial_shops,
          nicolae_shop_behind_doors, mu_enter_wizlab_1
Vaults:4: vaults_room_door_hall, vaults_room_grid, serial_ice_h, v_pattern_2,
          v_misc_2, v_rooms_4, nicolae_vaults_little_squares_3,
          nicolae_vaults_halls_meeting, hangedman_vaults_river_flow,
          nicolae_vaults_what_the_h, vaults_mumra_lcd,
          ontoclasm_vaults_ring_large, ontoclasm_vaults_tryst
Depths:1: hangedman_decor_cross_pass, lightli_too_deep, st_stairs_12,
          minmay_hollow_rounded_squares
Depths:2: hangedman_arrow_trap, grunt_pan_entry_zigzag, hell_entry,
          minmay_curled_crystal, minmay_misc_feat_pillars, minivault_16,
          serial_sigils_hangedman_scar, minmay_staircase_bubble,
          basic_stair_grate_trap
Depths:3: kennysheep_spiral_hall, hangedman_coc_ice_floe,
          grunt_pan_entry_sceptre, roderic_chinese_pattern_swastika, uniq_boris
Depths:4: minmay_glassy_protrusions, enter_ziggurat_b, hell_entry,
          hangedman_glass_teeth, hangedman_abyss_entry_splay, firewood_loft,
          uniq_saint_roka, uniq_mara, uniq_sojobo
Depths:5: lemuel_castle_with_subvaults, rand_demon_pan_entry_5, hell_entry,
          minivault_14
Zot:1:    hangedman_player_shredder
Zot:2:    kennysheep_blocky_room, hangedman_zot_wheel_spokes
Zot:3:    hangedman_elemental_corridor
Lab:      labyrinth_skeletal_remains, nicolae_lab_arrow, nicolae_lab_statue,
          nicolae_lab_quarters, labyrinth_fake_exit, nicolae_lab_grate_2,
          nicolae_lab_plus

Skill      XL: |  1  2  3  4  5  6  7  8  9 10 11 12 13 14 15 16 17 18 19 20 21 22 23 24 25 26 27 |
---------------+----------------------------------------------------------------------------------+-----
Fighting       | 2 3 4 5 6 8 11 13 14 15 16 17 18 21 | 21.1
Slings         | 6 7 8 9 10 11 12 13 15 | 15.8
Dodging        | 3 4 5 7 8 10 14 15 16 17 18 19 20 21 24 | 24.3
Long Blades    | 5 9 11 13 14 | 14.2
Armour         | 1 7 10 12 13 15 16 17 18 19 20 23 | 23.7
Shields        | 9 14 18 20 21 | 21.0
Stealth        | 7 10 13 | 13.7

Action                   |  1- 3 |  4- 6 |  7- 9 | 10-12 | 13-15 | 16-18 | 19-21 | 22-24 | 25-27 || total
-------------------------+-------+-------+-------+-------+-------+-------+-------+-------+-------++-------
Melee: Short sword       |       |   153 |    65 |   119 |       |       |       |       |       ||   337
       Falchion          |       |       |       |       |   918 |       |       |       |       ||   918
       Punch             |       |       |       |       |     1 |       |       |       |       ||     1
       Demon blade       |       |       |       |       |       |    65 |   369 |   344 |   878 ||  1656
       Scimitar          |       |       |       |       |       |    47 |       |       |       ||    47
 Fire: Hunting sling     |    62 |    88 |   487 |   963 |   606 |       |       |       |       ||  2206
       Fustibalus        |       |       |       |       |   857 |  2087 |  1782 |  1464 |  3103 ||  9293
Invok: Heroism           |       |       |     1 |     2 |     2 |     2 |     3 |       |    12 ||    22
       Finesse           |       |       |       |       |     1 |       |     1 |       |     2 ||     4
 Abil: Evoke Berserk Rag |       |       |       |       |       |       |       |       |     1 ||     1
  Use: Scroll            |     1 |     2 |     4 |    15 |    16 |    13 |     6 |     1 |    17 ||    75
       Potion            |       |       |     2 |     4 |     1 |     2 |       |       |    19 ||    28
 Stab: Sleeping          |       |     2 |       |       |     3 |       |       |       |     4 ||     9
       Distracted        |       |       |       |       |       |       |       |       |     1 ||     1
  Eat: Chunk             |       |     7 |    13 |    13 |    40 |    32 |    27 |    27 |    40 ||   199
       Royal jelly       |       |       |       |     2 |     4 |       |       |       |    16 ||    22
       Fruit             |       |       |       |       |     5 |     2 |    13 |     7 |    15 ||    42
       Bread ration      |       |       |       |       |       |       |       |       |     1 ||     1
Armor: Leather armour    |       |    16 |    29 |    39 |    60 |       |       |       |       ||   144
       Robe              |       |     2 |       |       |       |       |       |       |       ||     2
       Chain mail        |       |       |       |       |   583 |   332 |   352 |   154 |   474 ||  1895
Dodge: Dodged            |     5 |   104 |   137 |   526 |  1768 |   690 |   508 |   335 |  1193 ||  5266
Block: Shield            |       |       |       |       |       |   268 |  1478 |   130 |     2 ||  1878
       Buckler           |       |       |       |       |       |       |       |   522 |  1502 ||  2024
       Reflection        |       |       |       |       |       |       |       |    25 |   101 ||   126
       Rpst.: Falchion   |       |       |       |       |   307 |       |       |       |       ||   307
       Scimitar          |       |       |       |       |       |    10 |       |       |       ||    10
       Demon blade       |       |       |       |       |       |     8 |    20 |    25 |    81 ||   134
